 Dungeon Crawl Stone Soup version 0.28-a0-1518-gbe868bca14 (webtiles) character file.

Game seed: 9346473011034557472

110 buddhastalin the Sneak (level 4, -2/23 HPs)
             Began as a Spriggan Brigand on Jan 16, 2022.
             Slain by a scorpion (3 damage)
             ... on level 4 of the Dungeon.
             The game lasted 00:05:32 (2752 turns).

buddhastalin the Sneak (Spriggan Brigand)           Turns: 2752, Time: 00:05:32

Health: -2/23      AC:  3    Str:  7    XL:     4   Next: 61%
Magic:  5/5        EV: 17    Int: 14    God:
Gold:   87         SH:  0    Dex: 16    Spells: 3/3 levels left

rFire   . . .      SeeInvis +   a - +2 dagger
rCold   . . .      Faith    .   (no shield)
rNeg    . . .      Spirit   .   b - +0 robe
rPois   .          Reflect  .   (helmet restricted)
rElec   .          Harm     .   c - +0 cloak
rCorr   .          Rampage  .   (gloves unavailable)
Will    .....                   (boots unavailable)
Stlth   +++.......              (no amulet)
HPRegen 0.07/turn               (no ring)
MPRegen 0.09/turn               (no ring)

@: lethally poisoned (-2 -> -18), very quick
A: very small, no large weapons, unfitting armour, see invisible, speed 3, fangs
1
a: no special abilities


You were on level 4 of the Dungeon.
You visited 1 branch of the dungeon, and saw 4 of its levels.

You collected 87 gold pieces.

Inventory:

Hand Weapons
 a - a +2 dagger (weapon)
Missiles
 d - 8 poisoned darts (quivered)
 e - 2 curare-tipped darts
Armour
 b - a +0 robe (worn)
 c - a +0 cloak (worn)
Jewellery
 i - a ring of protection from cold
 m - a +6 ring of dexterity
Scrolls
 f - 3 scrolls of identify {unknown}
 g - 3 scrolls of teleportation {unknown}
 h - a scroll of noise {unknown}
 j - a scroll of torment {unknown}
 r - a scroll of fear {unknown}
Potions
 k - a potion of lignification {unknown}
 l - a potion of heal wounds {unknown}
 n - a potion of mutation
 o - 2 potions of haste {unknown}
 p - a potion of degeneration {unknown}
 q - a potion of resistance {unknown}


   Skills:
 + Level 2.2 Fighting
 * Level 3.8 Short Blades
 - Level 2.0 Throwing
 + Level 2.8 Dodging
 + Level 6.6 Stealth


You had 3 spell levels left.
You didn't know any spells.
Your spell library contained the following spells:

 Spells                   Type           Power      Damage    Failure   Level
 Ensorcelled Hibernation  Hex/Ice        0%         N/A       41%         2
 Passwall                 Tmut/Erth      0%         N/A       41%         2
 Swiftness                Air            0%         N/A       65%         3


Dungeon Overview and Level Annotations

Branches:
Dungeon (4/15)
 Temple: D:4-7

Altars:
Nemelex Xobeh
Qazlal
Xom

Annotations:
D:4 1 runed translucent door, awesomeguy42's ghost, amateur HuNe


Innate Abilities, Weirdness & Mutations

You are very small and have problems with some larger weapons.
You are too small for most types of armour.
You have supernaturally acute eyesight. (SInv)
You cover ground extremely quickly. (Speed+++)
You have very sharp teeth.


Message History

The hobgoblin hits you but does no damage.
The ball python hisses angrily.
You hit the hobgoblin but do no damage.
The hobgoblin is severely wounded.
The adder skeleton completely misses you.
You hit the hobgoblin.
You kill the hobgoblin!
The adder skeleton closely misses you.
You hit the adder skeleton.
The adder skeleton is moderately damaged.
The adder skeleton barely misses you.
Awesomeguy42's ghost turns its malevolent gaze towards you.
You hit the ball python.
You kill the ball python!
You hit the scorpion.
The scorpion is moderately wounded.
The scorpion stings you.
You hit the scorpion but do no damage.
The scorpion is moderately wounded.
The scorpion stings you!
You are poisoned.
The scorpion poisons you!
You hit the scorpion.
The scorpion is moderately wounded.
You feel very sick. The scorpion stings you.
You are more poisoned.
The scorpion poisons you!
You are too injured to fight recklessly!
You hit the scorpion but do no damage.
The scorpion is moderately wounded.
* * * LOW HITPOINT WARNING * * *
You feel very sick. The scorpion completely misses you.
It was a potion of mutation.
You feel extremely strange.
Your teeth lengthen and sharpen.
* * * LOW HITPOINT WARNING * * *
You feel very sick. The scorpion stings you.
You die...

#..?..................
#...........##.##....#
#...............#....####
##.......................
##.....###..#####.<......
#.......##...## #........
#.......##.#..# #........
#......s##.##.###........
..###+###@..##..##........
.. ###.###.......#...
#.###......##...
###.........## ..
#...............
#.........#.#....
#.....##..#.#....
#...#.###...# ...
..........# ##..# ..


You could see a scorpion.

Vanquished Creatures
  An iguana (D:2)
  2 adders
  2 worms (D:3)
  2 dart slugs (D:2)
  2 orcs (D:3)
  3 ball pythons
  3 bats
  3 endoplasms
  2 giant cockroaches (D:1)
  5 goblins
  7 hobgoblins
  3 jackals (D:3)
  3 quokkas
  2 frilled lizards (D:1)
  3 kobolds (D:2)
  8 rats
51 creatures vanquished.

Notes
Turn   | Place    | Note
-------+----------+-------------------------------------------
     0 | D:1      | buddhastalin the Spriggan Brigand began the quest for the
                  | Orb.
     0 | D:1      | Reached XP level 1. HP: 10/10 MP: 2/2
   410 | D:1      | Reached skill level 6 in Stealth
   430 | D:1      | Reached XP level 2. HP: 14/15 MP: 3/3
   878 | D:1      | Found a faded altar of an unknown god.
  1323 | D:2      | Reached XP level 3. HP: 18/18 MP: 4/4
  1459 | D:2      | Reached XP level 4. HP: 23/23 MP: 5/5
  2066 | D:3      | Found a stormy altar of Qazlal.
  2378 | D:3      | Found a shimmering altar of Xom.
  2537 | D:3      | Found a sparkling altar of Nemelex Xobeh.
  2720 | D:4      | Found a runed translucent door.
  2721 | D:4      | Noticed awesomeguy42's ghost (amateur HuNe)
  2724 | D:4      | Noticed a scorpion
  2752 | D:4      | Gained mutation: You have very sharp teeth. [potion of
                  | mutation]
  2752 | D:4      | HP: 1/23 [poisoned by a scorpion]
  2752 | D:4      | Slain by a scorpion

Illustrated notes

Levels and vault maps discovered:
D:1:      dpeg_arrival_refuge, layout_loops_ring,
          shapermc_ecumenical_altar_flowoftime
D:2:      layout_loops_corners
D:3:      layout_rooms, nicolae_qazlal_eye_of_the_storm,
          nemelex_dance_club_becter, mainiacjoe_overflow_six_doors_small
D:4:      layout_rooms, nicolae_ru_great_annihilating_truth, fedhas_altar_3,
          kennysheep_little_box, mainiacjoe_overflow_24_doors,
          nicolae_overflow_squiral, minmay_temple_entry_drinking_statues,
          ebering_ghost_reflecting_pool

Skill      XL: |  1  2 |
---------------+-------+-----
Stealth        | 6 |  6.6
Dodging        | 2 |  2.8
Short Blades   | 3 |  3.8
Fighting       | 2 |  2.2
Throwing       | |  2.0

Action                   |  1- 3 |  4- 6 || total
-------------------------+-------+-------++-------
Melee: Dagger            |    90 |    79 ||   169
       Punch             |       |     1 ||     1
  Use: Potion            |       |     1 ||     1
 Stab: Sleeping          |    12 |     7 ||    19
       Distracted        |       |     1 ||     1
Armor: Robe              |     7 |    11 ||    18
Dodge: Dodged            |    50 |    52 ||   102

Table legend: (Time is in decaauts)
 A = Elapsed time spent in this place.
 B = Non-inter-level travel time spent in this place.
 C = Inter-level travel time spent in this place.
 D = Time resting spent in this place.
 E = Time spent auto-exploring this place.
 F = Levels seen in this place.
 G = Mean time per level.
                   A        B        C        D        E       F      G
               +--------+--------+--------+--------+--------+-----+--------+
         Total |   1966 |   1926 |     40 |    563 |   1041 |   4 |  491.5 |
       Dungeon |   1966 |   1926 |     40 |    563 |   1041 |   4 |  491.5 |
               +--------+--------+--------+--------+--------+-----+--------+

Top non-repeatable levels by time:
     D:1: 818 daAuts
     D:2: 580 daAuts
     D:3: 520 daAuts
     D:4: 47 daAuts
